[Event "22nd Alekhine FIDE 2018"]
[Site "Voronezh"]
[Date "2018.06.15"]
[Round "4"]
[White "Nakonechny, Ignat"]
[Black "Katyshkina, Anastasia"]
[Result "1-0"]
[ECO "A16"]
[WhiteElo "1890"]
[BlackElo "2035"]
[Annotator "NA RC"]
[PlyCount "93"]
[EventDate "2018.??.??"]
[EventType "swiss"]
[EventCountry "RUS"]
[SourceTitle "playchess.com"]
[Source "ChessBase"]
[SourceQuality "1"]
[TimeControl "5400+30"]

1. c4 Nf6 2. Nc3 d5 3. cxd5 Nxd5 4. g3 g6 5. Bg2 Nxc3 6. bxc3 Bg7 7. Nf3 O-O 8. O-O c5 9. d4 Nc6 10. e3 Bf5 11. Bb2 {LiveBook: 3 Games D75: Fianchetto Grünfeld: Main Line with 7...c5} (11. Ba3 cxd4 12. Nxd4 Bd7 13. Rb1 Qc8 14. Qb3 Rb8 15. Rfd1 Re8 16. Nb5 a6 17. Bd5 axb5 18. Bxf7+ Kh8 19. Bxe8 Bxe8 20. Qxb5 {0-1 (34) Caruana,F (2795)-Vachier Lagrave,M (2788) chess.com INT 2016}) 11... Qc7 $146 ({Predecessor:} 11... Be4 12. Qe2 cxd4 13. cxd4 Qd5 14. Rfc1 b6 15. Ne1 Bxg2 16. Nxg2 e5 17. Qc4 Qxc4 18. Rxc4 {½-½ (27) Keymer,V (2349)-Vorobiov,E (2572) Schwaebisch Gmuend 2016}) 12. Nd2 Rad8 13. Qe2 Qc8 14. d5 Na5 15. e4 Bg4 16. f3 Bd7 17. Nb3 Qc7 18. Rf2 b5 19. Rd1 (19. Nxa5 $11 {remains equal.} Qxa5 20. Qe3) 19... Nc4 20. Ba1 a5 21. f4 {[#]} Bc8 (21... e6 $1 $17) 22. a4 bxa4 23. Qxc4 axb3 24. Qxb3 c4 25. Qa3 Bg4 26. Rb1 Rb8 27. Rfb2 Rfc8 28. h3 Rxb2 29. Rxb2 Bd1 30. Rb5 a4 31. Qb4 Qa7+ 32. Kh2 Bf8 33. Bb2 Qf2 34. Ba3 h5 35. h4 {[#]} Qc2 ({Much weaker is} 35... Bf3 $6 36. Qb2 $11) ({Better is} 35... e5 $1 $17 36. Qb2 (36. fxe5 Bxb4) 36... Qxb2 37. Bxb2 a3) 36. Qb2 Qd3 $1 37. e5 Bb3 $2 (37... Bf3 $11 {and Black stays safe.}) 38. Rb7 Re8 39. Bb4 (39. Bc5 $16) 39... Bd1 40. Ra7 Qe3 41. Ra5 Rb8 42. Qa1 Qd2 43. Kh1 Qe1+ 44. Kh2 Qd2 45. d6 exd6 46. Rd5 Qf2 47. Qxd1 1-0

[Event "22nd Alekhine FIDE 2018"]
[Site "Voronezh"]
[Date "2018.06.16"]
[Round "5"]
[White "Sobina, Pavel"]
[Black "Kitaev, Roman"]
[Result "0-1"]
[ECO "B84"]
[WhiteElo "2199"]
[BlackElo "2031"]
[Annotator "NA"]
[PlyCount "62"]
[EventDate "2018.??.??"]
[EventType "swiss"]
[EventCountry "RUS"]
[SourceTitle "playchess.com"]
[Source "ChessBase"]
[SourceQuality "1"]
[TimeControl "5400+30"]

1. e4 c5 2. Nf3 d6 3. d4 Nf6 4. Nc3 cxd4 5. Nxd4 a6 6. Be2 e6 7. Be3 Nbd7 8. f4 b5 9. Bf3 Bb7 10. a3 Qc7 11. O-O (11. Qe2 $11) 11... Nc5 {[%emt 0:03:31] B84: Sicilian Scheveningen: 6 Be2 a6, lines without early Be3} (11... Be7 12. Qe1 h5 13. Kh1 Ng4 14. Bg1 g5 15. fxg5 Bxg5 16. a4 bxa4 17. e5 Ndxe5 18. Ndb5 axb5 19. Nxb5 Qd7 20. Bxb7 Rb8 21. Qb4 O-O 22. Ba6 Qc6 23. Qxa4 Nc4 24. h3 Nge5 {½-½ (24) Ponkratov,P (2589)-Artemiev,V (2461) Pavlodar 2012}) 12. e5 dxe5 13. fxe5 {[%emt 0:00:38] LiveBook: 3 Games} Nfe4 $146 ({Predecessor:} 13... Qxe5 14. Bf4 Bxf3 15. Rxf3 Qh5 16. Qf1 Ncd7 17. b4 g5 18. Bg3 Bg7 19. a4 {½-½ (86) Liang,A (2404)-Li,R (2394) Saint Louis 2015}) 14. Nxe4 (14. Ndxb5 $5 axb5 15. Nxb5 $11) 14... Nxe4 15. Bxe4 ({White should try} 15. Bf4 $11) 15... Bxe4 16. Qg4 Qxe5 17. Rae1 (17. Nf3 $15 Qd5 18. Rad1 Bxf3 19. Qxf3 Qxf3 20. Rxf3) 17... Bc5 $2 (17... Bd6 $17 18. Qh3 O-O) 18. Nb3 f5 19. Qh5+ g6 20. Qh6 Bxe3+ 21. Rxe3 Rd8 22. Rc3 {[%emt 0:04:34] [#]} Bd5 $1 23. Re3 $2 (23. Nd2 $17 {was called for.}) 23... Qxb2 24. Rfe1 Kf7 25. Qh3 Rc8 26. Nd2 Rxc2 27. Nf3 Kg7 28. g4 fxg4 29. Qxg4 Rf8 30. Qd4+ Qxd4 31. Nxd4 Rg2+ $19 0-1

[Event "22nd Alekhine FIDE 2018"]
[Site "Voronezh"]
[Date "2018.06.16"]
[Round "5"]
[White "Garafutdinov, Ainur"]
[Black "Kolyuzhnov, Vladislav"]
[Result "0-1"]
[ECO "C54"]
[WhiteElo "2122"]
[BlackElo "1986"]
[Annotator "NA"]
[PlyCount "105"]
[EventDate "2018.??.??"]
[EventType "swiss"]
[EventCountry "RUS"]
[SourceTitle "playchess.com"]
[Source "ChessBase"]
[SourceQuality "1"]
[TimeControl "5400+30"]

1. e4 e5 2. Nf3 Nc6 3. Bc4 Bc5 4. c3 Nf6 5. d3 O-O 6. O-O d6 7. h3 Be6 {[%emt 0:03:23] C54: Giuoco Piano: 4 c3 Nf6, main lines with 5 d4 and 5 d3} (7... a5 8. Re1 h6 9. Nbd2 Be6 10. b3 Ba7 11. Nf1 d5 12. exd5 Nxd5 13. Bd2 Qf6 14. N1h2 Rad8 15. Ng4 Bxg4 16. hxg4 {½-½ (27) Karjakin,S (2778)-Ding,L (2778) Shamkir 2018}) 8. Bb5 a6 9. Ba4 b5 10. Bc2 d5 11. Nxe5 $146 (11. exd5 $11 Qxd5 12. Nbd2) ({Predecessor:} 11. Bg5 dxe4 12. dxe4 Qxd1 13. Rxd1 Be7 14. Nbd2 h6 15. Be3 Bd6 16. Nf1 Rfd8 17. Ng3 {1-0 (50) Hankel,D (2180)-Van den Hoff,D (1836) Heusenstamm 2015}) 11... Nxe5 12. d4 Nxe4 13. dxc5 Nxc5 14. f4 $1 Nc4 15. b3 Nd6 (15... Nb6 $11 {bleibt in der Remisbreite.}) 16. f5 Bc8 17. Qxd5 Ndb7 18. Qf3 Qf6 {[%emt 0:03:04] [#]} 19. Be3 $1 Bd7 (19... Nd7 $16 {might work better.} 20. a4 Rb8) 20. b4 (20. Qf2 $18 {has better winning chances.}) 20... Bc6 21. Qg3 Ne4 22. Bxe4 Bxe4 23. Bd4 Qh6 24. Rf4 Nd6 {[%emt 0:10:35] [#]} 25. Bxg7 $1 Qxg7 26. Rg4 Nxf5 27. Qf4 ({Less strong is} 27. Qxc7 Rad8 $11) 27... Nd6 28. Rxg7+ Kxg7 29. Nd2 f5 (29... Rae8 {was necessary.} 30. a4 Bg6 31. axb5 axb5) 30. Re1 Rf6 31. Qg5+ Rg6 32. Qe7+ Kh8 33. Nxe4 fxe4 34. Qxc7 Re8 35. Qc5 Rge6 36. Re3 Nc4 $18 37. Qd4+ Kg8 38. Rg3+ Rg6 39. Rxg6+ hxg6 40. Qd5+ Kf8 41. Kf2 e3+ 42. Ke2 Re5 43. Qa8+ Kg7 44. Qxa6 Rf5 45. a4 Rf2+ 46. Ke1 Ra2 47. Qxb5 Na3 48. Qe5+ Kh7 49. Qe7+ Kh6 50. Qxe3+ Kg7 51. Qe7+ Kh6 52. Kf1 Nc4 53. Qh4+ 0-1

[Event "22nd Alekhine FIDE 2018"]
[Site "Voronezh"]
[Date "2018.06.16"]
[Round "5"]
[White "Lebedev, Mikhail S."]
[Black "Bobkov, Vadim"]
[Result "1-0"]
[ECO "B00"]
[WhiteElo "2103"]
[BlackElo "2058"]
[Annotator "NA"]
[PlyCount "77"]
[EventDate "2018.??.??"]
[EventType "swiss"]
[EventCountry "RUS"]
[SourceTitle "playchess.com"]
[Source "ChessBase"]
[SourceQuality "1"]
[TimeControl "5400+30"]

1. e4 Nc6 2. Nf3 d6 3. d4 Bg4 4. Be3 g6 5. Nbd2 Bg7 6. h3 Bxf3 7. Nxf3 Nf6 8. Qd3 O-O 9. O-O-O a5 10. e5 (10. a3 $16) 10... Nd5 11. e6 fxe6 12. Qe4 Qd7 13. Ng5 Nd8 14. Bd3 Nb4 15. Qh4 Nxd3+ 16. Rxd3 h6 17. Ne4 Nf7 18. Qg4 Kh7 19. Bd2 Qc8 (19... Nd8 $11) 20. Rg3 Nh8 21. Qh4 e5 (21... Nf7 $14) 22. d5 Rf6 (22... Qf5 $16 {is a better defense.}) 23. Nxf6+ exf6 24. Rc3 b5 {[%emt 0:02:41] [#]} 25. g4 $14 (25. a4 $1 $18) 25... b4 26. Rc6 Qg8 27. Rxc7 g5 28. Qg3 Qxd5 29. Qd3+ Qxd3 30. cxd3 Ng6 31. Kb1 Nh4 32. Rhc1 Nf3 33. Be3 d5 34. Bb6 Ra6 35. Rb7 Kg6 36. Rcc7 Bf8 37. Rc8 Rxb6 38. Rxb6 Be7 39. Rb7 1-0

[Event "22nd Alekhine FIDE 2018"]
[Site "Voronezh"]
[Date "2018.06.16"]
[Round "5"]
[White "Abramov, Ilya"]
[Black "Kazmin, Semen"]
[Result "0-1"]
[ECO "D31"]
[WhiteElo "2089"]
[BlackElo "1970"]
[Annotator "NA"]
[PlyCount "98"]
[EventDate "2018.??.??"]
[EventType "swiss"]
[EventCountry "RUS"]
[SourceTitle "playchess.com"]
[Source "ChessBase"]
[SourceQuality "1"]
[TimeControl "5400+30"]

1. d4 d5 2. c4 e6 3. Nc3 c6 4. e3 Nd7 5. Nf3 f5 (5... Ngf6 $11) 6. Bd3 Nh6 7. Qc2 {[%emt 0:01:35] LiveBook: 21 Games A84: Dutch Defence: 2 c4 Miscellaneous} Bd6 8. cxd5 (8. Rb1 a5 9. a3 O-O 10. b4 axb4 11. axb4 dxc4 12. Bxc4 Nb6 13. Be2 Nd5 14. b5 Bd7 {½-½ (31) Zhou,J (2612)-Ding,L (2777) China 2016}) 8... exd5 9. Ne2 $146 ({Predecessor:} 9. Bxf5 Nxf5 10. Qxf5 Ne5 11. Qc2 Nxf3+ 12. gxf3 O-O 13. f4 Qh4 14. Qe2 Bg4 {0-1 (22) Santiago,Y (2510)-Macedo,M (2350) Natal 2017}) 9... Nf6 10. Ne5 O-O 11. f4 Ne4 12. O-O Bd7 13. Bd2 Be8 14. Bxe4 fxe4 15. Ng3 Qe7 16. Bc3 Bxe5 17. fxe5 Bd7 18. Qd2 Qg5 19. Bb4 Rxf1+ 20. Rxf1 Ng4 21. Rf4 Qh4 22. h3 Qxg3 23. hxg4 Bxg4 24. Qf2 Qxf2+ 25. Kxf2 Be6 26. Ke1 b6 27. Bd6 h6 28. Ke2 a5 29. Bc7 a4 30. Rf1 Rc8 31. Bd6 c5 32. Rc1 cxd4 33. Rxc8+ Bxc8 34. exd4 Kf7 35. Ke3 g5 36. Bb4 h5 37. Kf2 h4 38. Ke3 g4 39. Kf4 $2 (39. Be1 $17) 39... h3 40. gxh3 $2 (40. Kg3) 40... gxh3 41. Kg3 e3 42. a3 Kg6 43. Bc3 e2 44. Bd2 {[%emt 0:00:32] [#]} Bg4 $1 45. Kh2 Kf5 46. Kg3 Ke4 47. Bc3 Kd3 48. Kf2 $19 Kc2 49. Bb4 Kd1 0-1

[Event "22nd Alekhine FIDE 2018"]
[Site "Voronezh"]
[Date "2018.06.16"]
[Round "5"]
[White "Lilov, Aleksandr"]
[Black "Nakonechny, Ignat"]
[Result "1-0"]
[ECO "B85"]
[WhiteElo "2046"]
[BlackElo "1890"]
[Annotator "NA"]
[PlyCount "141"]
[EventDate "2018.??.??"]
[EventType "swiss"]
[EventCountry "RUS"]
[SourceTitle "playchess.com"]
[Source "ChessBase"]
[SourceQuality "1"]
[TimeControl "5400+30"]

1. e4 c5 2. Nf3 e6 3. d4 cxd4 4. Nxd4 Nf6 5. Nc3 d6 6. Be3 {[%emt 0:02:06] LiveBook: 2222 Games} a6 7. Be2 Be7 8. O-O O-O 9. f4 Qc7 10. Qe1 Nc6 11. Qg3 e5 {[%emt 0:04:31] B85: Sizilianisch (Scheveninger System)} (11... Nxd4 12. Bxd4 b5 13. a3 Bb7 14. Rae1 Rad8 15. Bd3 Qd7 16. Nd1 Nh5 17. Qg4 Nf6 18. Qh3 e5 19. fxe5 Qxh3 20. gxh3 dxe5 21. Bxe5 Nd7 22. Bc7 {0-1 (60) Vachier Lagrave,M (2795)-Grischuk,A (2750) chess.com INT 2017}) 12. fxe5 Nxe5 13. Nf5 Bxf5 $1 14. Rxf5 Qc6 $146 ({Vorgänger:} 14... Kh8 15. Raf1 Rae8 16. Kh1 b5 17. Bd4 b4 18. Rxe5 dxe5 19. Bxe5 Qc6 20. Nd5 Qxc2 21. Bd3 Qd2 22. Nxe7 Rxe7 23. Bd6 Ree8 24. e5 Nd7 25. Bxf8 Rxf8 26. Qh3 {1-0 (26) Paakkonen,T (2225)-Linnanen,L (2189) Finland 2001}) 15. Bd3 b5 16. Bg5 Kh8 17. Raf1 Rac8 18. Qh3 Qd7 19. Bxf6 Bxf6 20. Nd5 Bd8 21. Rxf7 Rxf7 22. Rxf7 Qxf7 23. Qxc8 Qf8 24. Qf5 (24. Qxa6 $18 Ng4 25. Qa7) 24... Qe8 25. Nf4 ({White should try} 25. g3 $16) 25... g6 $1 26. Qh3 Qf8 (26... Bb6+ $11 {keeps the balance.} 27. Kh1 Qf7) 27. Nd5 Bg5 28. Qg3 Bc1 29. Qf2 Qxf2+ 30. Kxf2 Bxb2 31. Nc7 Bc3 32. Nxa6 b4 33. Ke2 Kg8 34. Nc7 Bd4 35. Nd5 Bc5 36. Kd2 Kf7 37. Be2 Ke6 38. c3 $16 bxc3+ 39. Kxc3 Nc6 40. Kc4 Ke5 41. Bf3 g5 42. a4 Bg1 43. h3 Bf2 44. Kb5 Nd4+ 45. Ka6 Nb3 46. Nb4 Bg1 47. a5 Kf4 48. Nd5+ Kg3 49. Kb5 Nd4+ 50. Kc4 Nxf3 51. gxf3 h5 52. Nf6 Kxf3 53. Nxh5 Kxe4 54. Nf6+ Ke5 55. Nd5 Ke4 56. Nb6 d5+ 57. Nxd5 Ba7 58. Nb6 Kf4 59. Kb5 Kg3 60. Ka6 Bxb6 61. axb6 Kxh3 62. b7 g4 63. b8=Q g3 64. Qh8+ Kg2 65. Qh4 Kf3 66. Kb5 Kf2 67. Kc4 Kf3 68. Kd3 Kf2 69. Ke4 Kg1 70. Qxg3+ Kh1 71. Qg4 1-0

[Event "22nd Alekhine FIDE 2018"]
[Site "Voronezh"]
[Date "2018.06.16"]
[Round "5"]
[White "Kutyanina, Mariya"]
[Black "Peschansky, Mikhail"]
[Result "0-1"]
[ECO "B34"]
[WhiteElo "2021"]
[BlackElo "2137"]
[Annotator "NA"]
[PlyCount "77"]
[EventDate "2018.??.??"]
[EventType "swiss"]
[EventCountry "RUS"]
[SourceTitle "playchess.com"]
[Source "ChessBase"]
[SourceQuality "1"]
[TimeControl "5400+30"]

1. e4 c5 2. Nf3 Nc6 3. d4 cxd4 4. Nxd4 g6 5. Nc3 Bg7 6. Nb3 Nf6 {[%emt 0:01:34] LiveBook: 686 Games} 7. Be2 O-O 8. O-O a5 9. a4 d6 10. Re1 Be6 11. Bf1 Bxb3 12. cxb3 Nd7 {[%emt 0:00:29] B70: Sicilian Dragon: 6 g3 and 6 Be2 (without a later Be3)} (12... e6 13. Bg5 h6 14. Bh4 g5 15. Bg3 d5 16. exd5 Nxd5 17. Rc1 Nd4 18. f3 Nf5 19. Bf2 Nb4 20. g4 {½-½ (34) Bryant,J (2416)-Ramirez,A (2554) Las Vegas 2012}) 13. Bg5 Nc5 14. Rb1 h6 $146 ({Predecessor:} 14... Ne6 15. Be3 Rc8 16. Nd5 Nc5 17. f3 e6 18. Nc3 Qe7 19. Bc4 Rfd8 20. Bf2 {1-0 (37) Forgo,E (2295)-Toth,G (2155) Hungary 1998}) 15. Be3 Kh7 16. f3 Rc8 17. Nd5 e6 18. Nc3 Qe7 19. Nb5 Rfd8 20. Bf4 Be5 21. Bd2 d5 22. exd5 Rxd5 23. Bc4 Qh4 24. Bxd5 (24. Rxe5 $142 Rxe5 25. g3) 24... Qxh2+ 25. Kf1 Qh1+ 26. Kf2 Nd3+ 27. Ke3 Nxe1 28. Bxc6 $2 (28. Qxe1 {was the crucial defense.} Qxe1+ 29. Bxe1 exd5 30. f4) 28... Qg1+ ({Schwächer ist} 28... Rxc6 29. Qxe1 Qxg2 30. Bc3 $14) 29. Ke4 f5+ $4 ({Less strong is} 29... bxc6 30. Qxe1 Qxg2 31. Nd4 $17 (31. Kxe5 Qxf3 32. Nd6 Qd5+ 33. Kf4 Qxd6+ 34. Kf3 Rd8 $17)) (29... Bg3 $19 30. Bxe1 f5+ 31. Kd3 Rd8+ 32. Kc4 Rxd1 33. Rxd1 Bxe1 34. Rd7+ Kg8 35. Bxb7 Qxg2) 30. Kxe5 $11 Nd3+ 31. Kf6 Qc5 32. Bxh6 Qe5+ 33. Kf7 Rc7+ 34. Nxc7 Qxc7+ 35. Kf6 Qe5+ 36. Ke7 Qc7+ 37. Bd7 Qc5+ 38. Ke8 Ne5 39. Bf8 0-1

[Event "22nd Alekhine FIDE 2018"]
[Site "Voronezh"]
[Date "2018.06.16"]
[Round "5"]
[White "Zisin, Oleg"]
[Black "Kolomensky, Vladimir"]
[Result "1/2-1/2"]
[WhiteElo "2012"]
[BlackElo "2120"]
[Annotator "NA"]
[PlyCount "141"]
[EventDate "2018.??.??"]
[EventType "swiss"]
[EventCountry "RUS"]
[SourceTitle "playchess.com"]
[Source "ChessBase"]
[SourceQuality "1"]
[TimeControl "5400+30"]

1. e4 c5 2. Nf3 e6 3. b3 a6 4. Bb2 Nc6 5. d4 cxd4 6. Nxd4 Qf6 {[%emt 0:00:44] B40: Sicilian: 2...e6, Unusual lines} 7. c3 Bc5 {[%emt 0:00:28] LiveBook: 23 Games} 8. g3 h5 9. h4 e5 10. Nf3 Nh6 $146 ({Predecessor:} 10... d6 11. Nbd2 Bg4 12. Bg2 Nge7 13. O-O O-O 14. Qe1 {½-½ (69) Wang,C (2436)-Moradiabadi,E (2536) Mashhad 2011}) 11. Bg2 Ng4 12. O-O O-O 13. c4 (13. Ba3 $5 d6 14. Bxc5 dxc5 15. Na3 $11) 13... d6 14. Nc3 Qg6 15. Qe2 f5 16. Ng5 f4 17. Kh1 fxg3 18. fxg3 Rf2 19. Rxf2 Nxf2+ 20. Kh2 Bg4 21. Qd2 $15 Rf8 22. Rf1 Bc8 23. Nd5 Ng4+ 24. Kh1 Rf2 25. Rxf2 Bxf2 26. Qd3 Be3 27. Qe2 Bxg5 28. hxg5 Qxg5 29. Qe1 Nf6 30. Ba3 Ne8 31. Qf2 Nd4 32. Bb2 Be6 33. Bxd4 exd4 34. Qxd4 Qxg3 35. Ne7+ Kf7 36. Nf5 Qf4 37. Qb6 Bc8 38. Qd8 Bxf5 39. exf5 Nf6 40. Qc8 b6 41. Bd5+ Nxd5 42. Qe6+ Kf8 43. Qc8+ Ke7 44. Qb7+ Kf6 45. Qxd5 Qe5 46. Qc6 Qe1+ 47. Kg2 Qe2+ 48. Kg1 Qe3+ 49. Kh1 Kxf5 50. Qxd6 Qe4+ 51. Kg1 Qb1+ 52. Kg2 Qxa2+ 53. Kf1 Qb1+ 54. Kg2 Qc2+ 55. Kf1 Qc1+ 56. Kg2 Qg5+ 57. Kh1 Qh4+ 58. Kg2 Qe4+ 59. Kg1 Qe5 60. Qxb6 a5 61. c5 Qe3+ 62. Kf1 Kf4 63. Qc7+ Kg4 64. Qxg7+ Kh4 65. Qf6+ Kg3 66. Qg6+ Kh4 67. Qf6+ Kg3 68. Qg6+ Kh4 69. Qd6 Qc1+ 70. Ke2 Qc2+ 71. Ke1 1/2-1/2

[Event "22nd Alekhine FIDE 2018"]
[Site "Voronezh"]
[Date "2018.06.16"]
[Round "5"]
[White "Napalkov, Vladimir"]
[Black "Khajrutdinov, Ildar"]
[Result "1/2-1/2"]
[ECO "E59"]
[WhiteElo "2005"]
[BlackElo "2106"]
[Annotator "NA"]
[PlyCount "134"]
[EventDate "2018.??.??"]
[EventType "swiss"]
[EventCountry "RUS"]
[SourceTitle "playchess.com"]
[Source "ChessBase"]
[SourceQuality "1"]
[TimeControl "5400+30"]

1. d4 Nf6 2. c4 e6 3. Nc3 Bb4 4. e3 O-O 5. Bd3 d5 6. Nf3 c5 7. O-O Nc6 8. a3 Bxc3 9. bxc3 dxc4 10. Bxc4 Qc7 11. Bd3 e5 12. dxe5 Nxe5 13. Nxe5 Qxe5 14. Qc2 Re8 15. f3 Bd7 16. e4 {[%emt 0:00:34] LiveBook: 6 Games} c4 {[%emt 0:00:39] E59: Nimzo-Indian: Rubinstein: Main Line: 7...Nc6 8 a3 Bxc3 9 bxc3 dxc4} (16... Rad8 17. a4 Bc6 18. Bb5 Rd6 19. Be3 Red8 20. Bc4 b6 21. Rfe1 Nh5 22. Rad1 Nf4 23. a5 b5 24. Bf1 {½-½ (60) Peralta,F (2574)-Lenic,L (2659) Tromsoe 2014}) 17. Be2 Qc5+ 18. Kh1 b5 19. Bd2 Bc6 20. Qc1 Qe7 $146 ({Predecessor:} 20... Nd7 21. Ra2 f5 22. Be3 Qe7 23. Bg5 Qe6 24. exf5 Qxf5 {½-½ (57) Arnelind,M (2181)-Svensson,S (2238) Sweden 2010}) 21. Be3 Nd7 22. Bd1 Nc5 23. Bc2 $11 a5 24. Qb1 Rad8 25. Bd4 Ne6 26. Bb6 Rd7 27. e5 Nf4 28. Bxh7+ Kh8 29. Be4 Bxe4 30. Qxe4 Qxe5 31. Rae1 Qxe4 32. Rxe4 Rxe4 33. fxe4 b4 34. axb4 axb4 35. cxb4 c3 36. Kg1 Nd3 37. b5 Rb7 38. Be3 Rxb5 39. Rd1 Nc5 40. Bxc5 Rxc5 41. Rc1 c2 42. Kf2 Kh7 43. Ke3 Kg6 44. Kd3 Rh5 45. h3 Rg5 46. Rxc2 Rg3+ 47. Kd4 f6 48. Kd5 Rd3+ 49. Kc4 Rd1 50. Rf2 Rd8 51. Kc3 Rd1 52. Rd2 Re1 53. Kd3 Kg5 54. Rf2 Kg6 55. Re2 Ra1 56. Ke3 Kf7 57. h4 Ke6 58. Rb2 Re1+ 59. Kf3 Rf1+ 60. Kg4 g6 61. Rb5 Rf2 62. g3 Rf1 63. h5 gxh5+ 64. Rxh5 Rf2 65. Rf5 Rxf5 66. exf5+ Ke5 67. Kf3 Kxf5 1/2-1/2

[Event "22nd Alekhine FIDE 2018"]
[Site "Voronezh"]
[Date "2018.06.16"]
[Round "5"]
[White "Artemov, Nikita"]
[Black "Lukovnikov, Alexander"]
[Result "0-1"]
[ECO "C88"]
[WhiteElo "1970"]
[BlackElo "2153"]
[Annotator "NA"]
[PlyCount "68"]
[EventDate "2018.??.??"]
[EventType "swiss"]
[EventCountry "RUS"]
[SourceTitle "playchess.com"]
[Source "ChessBase"]
[SourceQuality "1"]
[TimeControl "5400+30"]

1. e4 e5 2. Nf3 Nc6 3. Bb5 a6 4. Ba4 Nf6 5. O-O Be7 6. Re1 b5 7. Bb3 O-O 8. a4 Rb8 9. d3 {LiveBook: 15 Games} d6 10. Nbd2 Be6 11. c3 b4 12. Bc2 {C88: Closed Ruy Lopez: Anti-Marshall Systems} (12. Bxe6 fxe6 13. d4 bxc3 14. bxc3 exd4 15. cxd4 d5 16. Ba3 Bxa3 {½-½ (16) Marcinkiewicz,J (2443)-Martin Clemente,J (2600) ICCF email 2007}) 12... bxc3 13. bxc3 d5 14. d4 $146 ({Predecessor:} 14. exd5 Nxd5 15. Ne4 h6 16. Bd2 f5 17. Ng3 Bf6 18. Qe2 {1-0 (36) Sebag,M (2320)-Mehdi,A (2140) Bugeat 2012}) 14... exd4 15. cxd4 dxe4 16. Nxe4 Bd5 17. Nxf6+ Bxf6 18. Ne5 Nb4 19. Bf5 Bxe5 20. dxe5 Be6 21. Bxe6 fxe6 22. Qg4 Rf7 23. Bg5 Qe8 24. Rad1 Qc6 25. Rd4 Nd5 26. Rc4 Qd7 27. Rec1 Rf5 28. Qg3 Rb2 29. Be3 Ra2 30. Bc5 (30. Bh6 $11 {remains equal.}) 30... h6 (30... Rxa4 $17 31. Rb1 Kf7) 31. Qb3 Re2 32. Bd4 $11 Qf7 33. Rf1 Rg5 34. Be3 Nxe3 0-1

[Event "22nd Alekhine FIDE 2018"]
[Site "Voronezh"]
[Date "2018.06.16"]
[Round "5"]
[White "Pingin, Artem"]
[Black "Bruyatskaya, Mariya"]
[Result "1/2-1/2"]
[ECO "B15"]
[WhiteElo "1967"]
[BlackElo "2026"]
[Annotator "NA RC"]
[PlyCount "49"]
[EventDate "2018.??.??"]
[EventType "swiss"]
[EventCountry "RUS"]
[SourceTitle "playchess.com"]
[Source "ChessBase"]
[SourceQuality "1"]
[TimeControl "5400+30"]

1. e4 c6 2. d4 d5 3. Nc3 dxe4 4. Nxe4 Nf6 5. Nxf6+ exf6 6. Nf3 Bg4 7. Be2 Bd6 8. h3 Bh5 9. Nh4 Bg6 10. Nxg6 hxg6 11. Be3 Nd7 12. c3 O-O 13. Qc2 f5 14. O-O-O Re8 15. Kb1 f4 16. Bc1 Nf6 17. Bc4 b5 18. Bb3 Nd5 19. Rdg1 a5 20. g3 fxg3 21. fxg3 a4 22. Bxd5 cxd5 23. a3 Qc7 24. h4 Qe7 25. h5 1/2-1/2

[Event "22nd Alekhine FIDE 2018"]
[Site "Voronezh"]
[Date "2018.06.16"]
[Round "5"]
[White "Kuzmin, Roman"]
[Black "Ioffe, Evgeny"]
[Result "1-0"]
[ECO "C84"]
[WhiteElo "1963"]
[BlackElo "2079"]
[Annotator "NA"]
[PlyCount "30"]
[EventDate "2018.??.??"]
[EventType "swiss"]
[EventCountry "RUS"]
[SourceTitle "playchess.com"]
[Source "ChessBase"]
[SourceQuality "1"]
[TimeControl "5400+30"]

1. e4 e5 2. Nf3 Nc6 3. Bb5 a6 4. Ba4 Nf6 5. O-O Be7 6. d3 b5 7. Bb3 O-O 8. a4 Bb7 9. Na3 h6 10. Bd2 b4 11. Nc4 d6 12. Ne3 Re8 13. c3 bxc3 14. bxc3 Rb8 15. Rb1 Bf8 1-0

[Event "22nd Alekhine FIDE 2018"]
[Site "Voronezh"]
[Date "2018.06.16"]
[Round "5"]
[White "Kulpin, Dmitriy"]
[Black "Bitkinin, Lenar"]
[Result "1-0"]
[ECO "A04"]
[WhiteElo "1954"]
[BlackElo "2055"]
[Annotator "NA"]
[PlyCount "69"]
[EventDate "2018.??.??"]
[EventType "swiss"]
[EventCountry "RUS"]
[SourceTitle "playchess.com"]
[Source "ChessBase"]
[SourceQuality "1"]
[TimeControl "5400+30"]

1. Nf3 f5 2. d3 Nf6 3. e4 d6 4. exf5 {A04: Unusual lines after 1 Nf3 and King's Indian Attack} Bxf5 5. d4 g6 {LiveBook: 8 Games} 6. Nc3 Bg7 7. Bd3 Qd7 8. O-O Nc6 9. Bxf5 $146 ({Predecessor:} 9. d5 Nb4 10. Bxf5 gxf5 11. a3 Na6 {1-0 (23) Carlsen,M (2881)-Rodriguez Vila,A (2437) Caxias do Sul 2014}) 9... gxf5 10. d5 Nd8 11. Re1 c6 12. Ng5 h6 13. Ne6 Nxe6 14. dxe6 Qc7 15. Qf3 Qa5 (15... O-O-O $14) 16. Bd2 O-O 17. Rad1 Ng4 18. b4 Qb6 19. Ne2 a5 20. Nf4 (20. bxa5 $16 Qc5 21. h3) 20... Kh7 (20... axb4 $14 21. Ng6 Bd4) 21. h3 ({Don't take} 21. bxa5 Qc5 $16) 21... Ne5 {[#]} 22. Qh5 $1 ({Worse is} 22. Qg3 axb4 23. Qh4 $11 Rf6 $15) 22... Rf6 {[#]} (22... Qd4 $16) 23. Bc3 $1 ({Not} 23. bxa5 Qc5 $16) 23... axb4 24. Bxe5 dxe5 25. Rxe5 Ra5 26. Rxa5 Qxa5 27. Rd7 $18 Qxa2 28. Rxe7 Qxc2 29. Qh4 Qd1+ 30. Kh2 Qd6 31. Rd7 Qe5 32. Qg3 Rf8 33. Nh5 Qxg3+ 34. fxg3 b5 35. Nxg7 1-0

[Event "22nd Alekhine FIDE 2018"]
[Site "Voronezh"]
[Date "2018.06.16"]
[Round "5"]
[White "Zaitseva, Lyudmila"]
[Black "Selensky, Andrey"]
[Result "1/2-1/2"]
[ECO "D43"]
[WhiteElo "1954"]
[BlackElo "2040"]
[Annotator "NA"]
[PlyCount "119"]
[EventDate "2018.??.??"]
[EventType "swiss"]
[EventCountry "RUS"]
[SourceTitle "playchess.com"]
[Source "ChessBase"]
[SourceQuality "1"]
[TimeControl "5400+30"]

1. d4 d5 2. c4 e6 3. Nc3 Nf6 4. Nf3 c6 5. Qd3 Nbd7 6. e4 {[%emt 0:00:21] D43: Damengambit (Botwinnik-Variante)} dxe4 7. Nxe4 Nxe4 8. Qxe4 Nf6 (8... Bb4+ 9. Bd2 Bxd2+ 10. Nxd2 c5 11. dxc5 Qa5 12. Be2 Qxc5 13. O-O Nf6 14. Qc2 Bd7 15. a3 O-O 16. Bf3 Qc7 17. b4 Rfd8 18. Rac1 Bc6 {½-½ (54) Baryshpolets,A (2591)-Quesada Perez,Y (2630) Saint Louis 2017}) 9. Qc2 c5 10. Bf4 cxd4 $146 ({Vorgänger:} 10... Qa5+ 11. Bd2 Qb6 12. Bc3 cxd4 13. Nxd4 Bd7 {½-½ (22) Esen,B (2528)-Tuncer,T (2274) Izmir 2017}) 11. O-O-O Bd7 12. Nxd4 Qa5 13. Kb1 Rc8 14. Bd3 Nd5 15. Bd2 Bb4 16. a3 Bxd2 17. Qxd2 Qxd2 18. Rxd2 Nf4 19. Be4 Rxc4 20. Bxb7 O-O 21. g3 e5 22. Nf3 Rc7 23. Be4 Ng6 24. Bxg6 (24. Rc1 $14 Rxc1+ 25. Kxc1) 24... hxg6 25. Nxe5 Bf5+ 26. Ka1 $1 f6 27. g4 $1 Be6 28. Nxg6 Rfc8 29. b4 Bf7 30. Nf4 Rc3 $1 31. Nd5 Rxa3+ $11 32. Kb2 Bxd5 33. Rxd5 Rf3 34. Rc5 Rb8 35. g5 Rxb4+ 36. Kc2 Rg4 37. gxf6 Rxf2+ 38. Kd3 Rf3+ 39. Ke2 Rxf6 40. Ra5 Re4+ 41. Kd3 Re7 42. Rha1 Rd6+ 43. Kc4 Rc7+ 44. Rc5 Rxc5+ 45. Kxc5 Rd7 46. Kc6 Rf7 47. h4 Kh7 48. Ra5 Kh6 49. Kd6 Rf6+ 50. Ke5 a6 51. Ke4 g6 52. Ke3 Rb6 53. Kf3 Re6 54. Kf4 Rf6+ 55. Kg4 Kg7 56. h5 gxh5+ 57. Kxh5 Kf7 58. Kg5 Rb6 59. Kf5 Re6 60. Rd5 1/2-1/2